 Seeded DCSS version 0.29.1-2-gbd0b4ee654 (webtiles) character file.

Game seed: 19941 (custom seed)

1084 Ashen the Purveyor of Pain (level 8, 0/60 HPs)
             Began as a Demonspawn Necromancer on Oct 29, 2022.
             Was an Initiate of Kikubaaqudgha.
             Killed by nerve-wracking pain
             ... invoked by Menkaure
              (4 damage)
             ... on level 6 of the Dungeon.
             The game lasted 00:15:46 (6951 turns).

Ashen the Purveyor of Pain (Demonspawn Necromancer) Turns: 6951, Time: 00:15:47

Health: 0/60       AC: 12    Str:  8    XL:     8   Next: 8%
Magic:  14/14      EV: 13    Int: 18    God:    Kikubaaqudgha [......]
Gold:   326        SH:  0    Dex: 15    Spells: 7/15 levels left

rFire   . . .      SeeInvis .   p - +0 rapier (venom)
rCold   . . .      Faith    .   (no shield)
rNeg    . . .      Spirit   .   f - +3 leather armour
rPois   .          Reflect  .   (no helmet)
rElec   .          Harm     .   v - +0 cloak
rCorr   .          Rampage  .   l - +0 pair of gloves
Will    .....                   (no boots)
Stlth   +++.......              (no amulet)
HPRegen 0.20/turn               i - +4 ring of protection
MPRegen 0.14/turn               (no ring)

@: no status effects
A: powered by death 2, sturdy frame 2, weakness stinger 1
a: Renounce Religion


You were on level 6 of the Dungeon.
You worshipped Kikubaaqudgha.
Kikubaaqudgha was noncommittal.
You visited 2 branches of the dungeon, and saw 7 of its levels.

You collected 326 gold pieces.

Inventory:

Hand Weapons
 p - a +0 rapier of venom (weapon)
Armour
 f - a +3 leather armour (worn)
 l - a +0 pair of gloves (worn)
 v - a +0 cloak (worn)
Jewellery
 i - a +4 ring of protection (left hand)
Wands
 t - a wand of digging (7)
Scrolls
 a - a scroll of summoning {unknown}
 c - a scroll of magic mapping {unknown}
 d - 7 scrolls of identify {unknown}
 e - 4 scrolls of amnesia {unknown}
 g - 2 scrolls of noise {unknown}
 h - a scroll of enchant armour {unknown}
 o - a scroll of torment {unknown}
 x - a scroll of enchant weapon {unknown}
 y - a scroll of teleportation {unknown}
 z - a scroll of poison {unknown}
 A - a scroll of vulnerability {unknown}
Potions
 b - a potion of magic
 j - a potion of degeneration {unknown}
 k - a potion of ambrosia {unknown}
 m - 5 potions of curing {unknown}
 n - a potion of mutation {unknown}
 q - a potion of haste {unknown}
 r - a potion of lignification {unknown}
 s - a potion of invisibility {unknown}
 u - a potion of berserk rage {unknown}
 w - 2 potions of flight {unknown}
 B - a potion of heal wounds {unknown}


   Skills:
 + Level 3.9 Fighting
 + Level 4.1 Dodging
 + Level 4.5 Stealth
 + Level 4.2 Spellcasting
 + Level 6.4 Necromancy


You had 7 spell levels left.
You knew the following spells:

 Your Spells              Type           Power      Damage    Failure   Level
a - Necrotise             Necr           100%       1d9       1%          1
b - Vampiric Draining     Necr           27%        2d7       3%          3
c - Animate Dead          Necr           27%        N/A       10%         4

Your spell library contained the following spells:

 Spells                   Type           Power      Damage    Failure   Level
 Summon Small Mammal      Summ           12%        N/A       14%         1
 Agony                    Necr           27%        N/A       28%         5
 Call Canine Familiar     Summ           3%         N/A       41%         3
 Portal Projectile        Hex/Tloc       6%         N/A       41%         3
 Summon Guardian Golem    Hex/Summ       3%         N/A       41%         3
 Tukima's Dance           Hex            3%         N/A       41%         3
 Blade Hands              Tmut           1%         N/A       99%         5


Dungeon Overview and Level Annotations

Branches:
Dungeon (6/15)             Temple (1/1) D:5

Altars:
Ashenzari
Cheibriados
Dithmenos
Fedhas
Hepliaklqana
Kikubaaqudgha
Nemelex Xobeh
Okawaru
Qazlal
Sif Muna
Trog
Uskayaw
Vehumet
Yredelemnul

Shops:
D:1 ([*   D:3 *   D:5 :   D:6 *

Annotations:
D:6 Menkaure


Innate Abilities, Weirdness & Mutations

You regenerate health from kills.
Your movements are less encumbered by armour. (ER -4)
You have a small tail.


Message History

Menkaure casts a spell at you. Pain shoots through your body!
Menkaure calls on the powers of darkness!
Your body is wracked with pain!
Okay, then.
You barely miss Menkaure. You tail-slap Menkaure.
Menkaure is lightly damaged.
Menkaure barely misses you.
You puncture Menkaure!
Menkaure is moderately damaged.
Menkaure casts a spell.
Menkaure seems to speed up.
You hit Menkaure.
Menkaure is heavily damaged.
Menkaure hits you but does no damage.
Your orc zombie hits Menkaure.
Menkaure barely misses your orc zombie.
You hit Menkaure.
Your tail-slap misses Menkaure.
Menkaure is heavily damaged.
Menkaure calls on the powers of darkness!
Your body is wracked with pain!
* * * LOW HITPOINT WARNING * * *
Your orc zombie hits Menkaure but does no damage.
You hit Menkaure.
Your tail-slap misses Menkaure.
Menkaure is severely damaged.
Menkaure's bandages flutter.
Menkaure barely misses you.
Your orc zombie hits Menkaure.
Menkaure hits your orc zombie!!
Your orc zombie is destroyed!
Menkaure shouts!
You hit Menkaure.
Menkaure is almost destroyed.
Menkaure casts a spell at you. Pain shoots through your body!
* * * LOW HITPOINT WARNING * * *
You closely miss Menkaure.
Your tail-slap misses Menkaure.
Menkaure is almost destroyed.
Menkaure casts a spell at you. Pain shoots through your body!
You die...
Kikubaaqudgha rasps: "You have failed me!
Welcome... death!"

8.# #..# ##....### ..####.##
##......## ...##..########
##.......#. ......##......#
#.......... ..##..##......##
#.......... 8.##..##.......#
###..#####. 8.##.###.......##
#♣.....♣♣ #.
..........†....Z#####♣.§.....♣♣#.
...##..........Z@M..#♣§§⌠..⌠.∩♣#.
...###..##......Z...#§§§.....♣♣#.
...)....###....#######§♣....♣♣ #.
#######..##....# #####..######
######..###...# #..........#
##....Z..# ##..# ###.<#######
.......Z.## #### #..# ##........#
##.# #### ######...# #.####..#


You could see Menkaure (fast, ally target) and 3 friendly orc zombies.

Vanquished Creatures
  Duvessa (D:4)
  2 scorpions
  2 necrophages
  Dowan (D:4)
  2 jellies
  3 hounds
  3 iguanas (D:6)
  5 orc wizards
  10 adders
  A gnoll (D:2)
  An ufetubus (D:5)
  2 worms
  3 dart slugs
  22 orcs
  7 endoplasms
  4 giant cockroaches
  6 goblins
  8 hobgoblins
  6 kobolds
  A quokka (D:1)
  4 ball pythons
  6 bats
  6 frilled lizards
  14 rats
120 creatures vanquished.

Vanquished Creatures (collateral kills)
  A bullfrog (D:6)
  A jelly (D:5)
  2 gnolls (D:2)
  2 dart slugs
  A bat (D:1)
  A quokka (D:1)
8 creatures vanquished.

Vanquished Creatures (others)
  6 orc zombies
6 creatures vanquished.

Grand Total: 134 creatures vanquished

Notes
Turn   | Place    | Note
-------+----------+-------------------------------------------
     0 | D:1      | Ashen the Demonspawn Necromancer began the quest for the
                  | Orb.
     0 | D:1      | Reached XP level 1. HP: 13/13 MP: 3/3
   153 | D:1      | Found Riotof's Antique Weapon Shop.
   226 | D:1      | Gained mutation: Your movements are slightly less
                  | encumbered by armour. (ER -2) [demonic ancestry]
   226 | D:1      | Reached XP level 2. HP: 7/20 MP: 1/5
  1050 | D:1      | Found Vypiut's Assorted Antiques.
  1081 | D:1      | Found Marruhor's Antique Armour Shoppe.
  1241 | D:1      | Gained mutation: You have a small tail. [demonic ancestry]
  1241 | D:1      | Reached XP level 3. HP: 25/25 MP: 3/6
  1277 | D:1      | Found a faded altar of an unknown god.
  1363 | D:2      | Reached skill level 1 in Fighting
  1909 | D:2      | Reached XP level 4. HP: 19/32 MP: 1/7
  2568 | D:3      | Reached skill level 5 in Necromancy
  2752 | D:3      | Found a blossoming altar of Fedhas.
  2821 | D:3      | Found Deropsou's Assorted Antiques.
  2897 | D:3      | Found a hazy altar of Hepliaklqana.
  3193 | D:3      | Gained mutation: You regenerate a little health from kills.
                  | [demonic ancestry]
  3193 | D:3      | Reached XP level 5. HP: 38/38 MP: 6/9
  3796 | D:4      | Learned a level 3 spell: Vampiric Draining
  3801 | D:4      | Learned a level 4 spell: Animate Dead
  3911 | D:4      | Gained mutation: You regenerate health from kills. [demonic
                  | ancestry]
  3911 | D:4      | Reached XP level 6. HP: 42/46 MP: 10/10
  4439 | D:4      | Noticed Duvessa
  4439 | D:4      | Noticed Dowan
  4564 | D:4      | Killed Duvessa
  4578 | D:4      | Killed Dowan
  4980 | D:5      | Entered Level 5 of the Dungeon
  5058 | D:5      | Reached XP level 7. HP: 49/52 MP: 12/12
  5407 | D:5      | Found a staircase to the Ecumenical Temple.
  5430 | Temple   | Entered the Ecumenical Temple
  5581 | Temple   | Became a worshipper of Kikubaaqudgha
  5838 | D:5      | Reached skill level 6 in Necromancy
  5839 | D:5      | Found Neanacku's Book Shoppe.
  5907 | D:5      | Found a large runed translucent door.
  5955 | D:5      | Found a large runed translucent door.
  5964 | D:5      | Found a bloodstained altar of Trog.
  5975 | D:5      | Found a radiant altar of Vehumet.
  6049 | D:6      | Found Imosk's Fire Supplies.
  6305 | D:6      | Found a sparkling altar of Nemelex Xobeh.
  6534 | D:6      | Gained mutation: Your movements are less encumbered by
                  | armour. (ER -4) [demonic ancestry]
  6534 | D:6      | Reached XP level 8. HP: 58/60 MP: 14/14
  6939 | D:6      | Noticed Menkaure
  6951 | D:6      | Killed from afar by Menkaure

Illustrated notes

Levels and vault maps discovered:
D:1:      lightli_arrival_lavapool, layout_basic, serial_shops, shop_fountains,
          shop, nicolae_shop_trees,
          hellmonk_ecumenical_altar_pennies_from_heaven
D:2:      layout_loops_ring, minmay_hexomino_c4
D:3:      layout_basic, mainiacjoe_overflow_surrounded_room,
          mainiacjoe_overflow_big_doors, serial_shops, shop,
          kennysheep_generic_room_6
D:4:      layout_layer_cave, uniq_duvessa
D:5:      layout_loops_ring, jmf_multi_god_temple2, temple_statues,
          serial_shops, shop
D:6:      layout_cave_pods, nemelex_spade_bored_becter, chequers_jeans,
          nicolae_shop_fire_sale [nicolae_sub_dead_trees],
          hellmonk_bongcloud_opening, item_on_display_a, uniq_menkaure
Temple:   hellmonk_temple_forest_ring

Skill      XL: |  1  2  3  4  5  6  7 |
---------------+----------------------+-----
Dodging        | 2 3 4 |  4.1
Stealth        | 2 3 4 |  4.5
Fighting       | 1 2 3 |  3.9
Necromancy     | 5 6 |  6.4
Spellcasting   | 3 4 |  4.2

Action                   |  1- 3 |  4- 6 |  7- 9 || total
-------------------------+-------+-------+-------++-------
Melee: Dagger            |    39 |    28 |       ||    67
       Tailslap          |     2 |    13 |    15 ||    30
       Rapier            |       |    40 |   128 ||   168
       Punch             |       |       |     1 ||     1
 Cast: Necrotise         |    64 |    91 |     7 ||   162
       Vampiric Draining |       |       |     5 ||     5
       Animate Dead      |       |       |     4 ||     4
 Stab: Sleeping          |       |     1 |     5 ||     6
       Distracted        |       |       |     1 ||     1
Armor: Leather armour    |    17 |    46 |    63 ||   126
Dodge: Dodged            |    37 |    67 |    87 ||   191
